AoeStats
← Carple

MegaRandom

503915216Analyzed
1v1 RM · 1mo ago on Sep 3, 2026· 59m 21s· 2 players
Game mode
Random Map
Map size
Tiny (2 player)
Population
200
Speed
Normal
Resources
Standard
Victory
Conquest
Starting age
Dark Age
Ending age
Imperial Age
RankedLock teamsTeams togetherTeam positionsShared explorationLock speedFull tech treeHidden civsTurbo modeCheats
Victory
Defeat
🇦🇷 Saracens · Argentina
1227
+15
🇨🇦 Japanese · Canada
1198
-15
Carple
6:07 Loom
11:28 Feudal Age
12:40 Double-Bit Axe
19:05 Castle Age
17:12 Horse Collar
17:28 Gold Mining
18:20 Stone Mining
18:59 Fletching
20:24 Squires
21:32 Bow Saw
24:28 Bodkin Arrow
27:36 Elite Skirmisher
30:36 Arson
33:12 Gambesons
34:04 Scale Mail Armor
34:26 Pikeman
36:45 Wheelbarrow
37:02 Heavy Plow
43:21 Imperial Age
45:05 Conscription
46:40 Ballistics
49:13 Chain Mail Armor
48:59 Padded Archer Armor
49:10 Forging
50:04 Halberdier
54:13 Town Watch
57:01 Forging
56:57 Padded Archer Armor
57:10 Forging
59:07 Iron Casting
N:A:S
0:30 Loom
10:55 Feudal Age
15:04 Castle Age
16:46 Wheelbarrow
18:28 Double-Bit Axe
20:23 Fletching
24:41 Bow Saw
24:31 Town Watch
25:24 Bodkin Arrow
25:41 Horse Collar
28:30 Forging
32:33 Imperial Age
33:32 Bloodlines
33:23 Husbandry
33:54 Scale Barding Armor
34:31 Husbandry
35:02 Conscription
36:29 Iron Casting
36:58 Chain Barding Armor
46:17 Chemistry
52:52 Blast Furnace
52:28 Plate Barding Armor
53:54 Hand Cart
53:39 Town Patrol
54:19 Elite Mameluke
57:06 Bimaristan
58:30 Siege Engineers
Connection lost

Rejoining the realm…

Still unreachable

The connection could not be restored.

Session expired

The server has moved on; the page needs a fresh start.